 Dungeon Crawl Stone Soup version 0.32-a0-913-g739538afd8 (webtiles) character file.

Game seed: 16211585262794171509

1325 Heh the Trooper (level 8, -2/61 HPs)
             Began as an Octopode Monk on Apr 8, 2024.
             Slain by a steam dragon (5 damage)
             ... on level 7 of the Dungeon.
             The game lasted 00:08:27 (4925 turns).

Heh the Trooper (Octopode Monk)                     Turns: 4925, Time: 00:08:27

Health: -2/61      AC:  1    Str: 10    XL:     8   Next: 60%
Magic:  8/8        EV: 16    Int: 13    God:
Gold:   324        SH:  0    Dex: 16    Spells: 7/7 levels left

rFire   . . .        H - +0 scimitar
rCold   . . .        c - orb {light}
rNeg    . . .        (helmet restricted)
rPois   .            (no amulet)
rElec   .            (no ring)
rCorr   .            (no ring)
SInv    .            (no ring)
Will    .....        (no ring)
Stlth   +            (no ring)
HPRegen 0.30/turn    (no ring)
MPRegen 0.11/turn    (no ring)
                     (no ring)

%: no passive effects
@: glowing
A: almost no armour, amphibious, 8 rings, camouflage 1, gelatinous body 1,
(nimble swimmer 1), tentacles
a: no special abilities


You were on level 7 of the Dungeon.
You visited 1 branch of the dungeon, and saw 7 of its levels.

You collected 324 gold pieces.

Inventory:

Hand Weapons
 a - a +0 falchion
 p - a +0 war axe of venom
 r - a +2 short sword of venom
 D - a +0 short sword of flaming
 H - a +0 scimitar (weapon)
Missiles
 E - 5 boomerangs (quivered)
Armour
 c - an orb of light (worn)
Jewellery
 e - an amulet of the acrobat
 i - a ring of see invisible
 A - a ring of magical power
 C - a ring of magical power
Wands
 t - a wand of quicksilver (11)
 G - a wand of flame (13)
Scrolls
 d - 5 scrolls of identify {unknown}
 j - 3 scrolls of blinking {unknown}
 l - a scroll of torment {unknown}
 o - 2 scrolls of teleportation {unknown}
 q - 2 scrolls of revelation {unknown}
 v - 2 scrolls of amnesia {unknown}
 w - 2 scrolls of acquirement {unknown}
 x - a scroll of poison {unknown}
 y - 2 scrolls of fear {unknown}
 B - 2 scrolls of noise {unknown}
 F - a scroll of enchant armour {unknown}
Potions
 b - a potion of ambrosia
 f - 3 potions of heal wounds
 g - a potion of mutation {unknown}
 h - a potion of haste {unknown}
 k - a potion of berserk rage {unknown}
 m - a potion of cancellation {unknown}
 n - a potion of curing {unknown}
 s - a potion of resistance {unknown}
 u - 2 potions of attraction {unknown}
 z - a potion of brilliance {unknown}


   Skills:
 + Level 7.9 Fighting
 + Level 4.0 Long Blades
 + Level 7.2 Dodging


You had 7 spell levels left.
You didn't know any spells.
Your spell library contained the following spells:

 Spells                   Type           Power      Damage    Failure   Level
 Slow                     Hex            0%         N/A       30%         1
 Confusing Touch          Hex            0%         N/A       67%         3
 Hailstorm                Conj/Ice       0%         3d5       67%         3
 Summon Ice Beast         Ice/Summ       0%         N/A       67%         3
 Vampiric Draining        Necr           0%         2d6       67%         3
 Summon Blazeheart Golem  Fire/Summ      0%         N/A       97%         4
 Permafrost Eruption      Ice/Erth       0%         2x4d1     100%        6
 Sculpt Simulacrum        Ice/Alch       0%         N/A       100%        6
 Orb of Destruction       Conj           0%         9d5       100%        7
 Spellforged Servitor     Conj/Summ      0%         N/A       100%        7


Dungeon Overview and Level Annotations

Branches:
Dungeon (6/15)
 Temple: D:4-7

Altars:
Gozag
Nemelex Xobeh
Vehumet
The Shining One

Shops:
D:2 =:*   D:4 *

Annotations:
D:5 3 runed translucent doors, smashvw's ghost, novice MDFi


Innate Abilities, Weirdness & Mutations

You cannot wear most types of armour.
You are amphibious.
You can wear up to eight rings at the same time.
Your skin changes colour to match your surroundings (Stealth+).
Your rubbery body absorbs attacks. (AC +1, EV +1)
((You are camouflaged when in or above water. (Stealth+)))
You have tentacles for arms and can constrict up to eight enemies at once.


Message History

You are illuminated by a small divine halo.
You are glowing.
You have 4 tentacles available for constriction.
Your movement speed is average.
Your attack delay is about 1.2.
Your damage rating with your +0 scimitar is about 16 (Base 12 x 115% (Dex) x 122% (Skill)).
You catch the helpless steam dragon completely off-guard!
You hit the steam dragon.
The steam dragon is lightly wounded.
The steam dragon bites you. The steam dragon barely misses you.
You completely miss the steam dragon.
The steam dragon is lightly wounded.
The steam dragon breathes steam at you. The ball of steam hits you!
You hit the steam dragon.
You squeeze the steam dragon, but do no damage.
The steam dragon is lightly wounded.
You are engulfed in a cloud of scalding steam.
The steam dragon bites you. The steam dragon misses you.
You are too injured to fight recklessly!
You are too injured to fight recklessly!
You are too injured to fight recklessly!
You are too injured to fight recklessly!
You are too injured to fight recklessly!
You are too injured to fight recklessly!
You are too injured to fight recklessly!
You are too injured to fight recklessly!
You are illuminated by a small divine halo.
You are glowing.
You have 4 tentacles available for constriction.
Your movement speed is average.
Your attack delay is about 1.2.
Your damage rating with your +0 scimitar is about 16 (Base 12 x 115% (Dex) x 122% (Skill)).
You barely miss the steam dragon.
The steam dragon is lightly wounded.
You are engulfed in a cloud of scalding steam.
* * * LOW HITPOINT WARNING * * *
The steam dragon bites you!
* * * LOW HITPOINT WARNING * * *
The steam dragon misses you. The steam dragon closely misses you.
The steam dragon claws you.
You die...

#.....# #.....#
#.....### )#...#..#
#.###.#.# ..#....##
###.#### ####+#####
#.# ......D..# #.##
#@# #..## #+#+#+#'#
##..####...#.^.####..#
##........#........# #
#######'###'####### .
#.......# .. #.......#
#.......# ####+####


You could see a steam dragon (catching breath).

Vanquished Creatures
  2 black bears
  A phantom (D:6)
  A bullfrog (D:6)
  A scorpion (D:5)
  5 wights (D:6)
  A bombardier beetle (D:5)
  An orc priest (D:5)
  2 hounds
  3 sleepcaps
  2 iguanas
  6 orc wizards
  Robin (D:3)
  3 gnolls (D:3)
  10 adders
  2 white imps
  4 ufetubi (D:6)
  3 dart slugs
  3 ribbon worms
  17 orcs
  6 endoplasms
  6 giant cockroaches
  12 goblins
  13 hobgoblins
  6 quokkas
  5 ball pythons
  2 bats
  3 frilled lizards
  6 kobolds
  3 rats
130 creatures vanquished.

Notes
Turn   | Place    | Note
-------+----------+-------------------------------------------
     0 | D:1      | Heh the Octopode Monk began the quest for the Orb.
     0 | D:1      | Reached XP level 1. HP: 16/16 MP: 1/1
   106 | D:1      | Reached XP level 2. HP: 20/21 MP: 2/2
   334 | D:2      | Reached XP level 3. HP: 24/27 MP: 3/3
   544 | D:3      | Reached XP level 4. HP: 6/34 MP: 4/4
   699 | D:3      | Found an opulent altar of Gozag.
   775 | D:3      | Noticed Robin
   786 | D:3      | Killed Robin
   852 | D:3      | Reached XP level 5. HP: 32/38 MP: 5/5
   855 | D:3      | Reached skill level 5 in Fighting
  1295 | D:3      | Found a faded altar of an unknown god.
  1399 | D:4      | Found Atitsov's General Store.
  1713 | D:4      | Found a glowing golden altar of the Shining One.
  2027 | D:4      | Reached XP level 6. HP: 32/45 MP: 6/6
  2297 | D:5      | Entered Level 5 of the Dungeon
  2385 | D:5      | Noticed a black bear
  2390 | D:5      | Killed a black bear
  2391 | D:5      | Reached skill level 5 in Dodging
  2475 | D:5      | Reached XP level 7. HP: 41/52 MP: 7/7
  2726 | D:5      | Found a runed translucent gate.
  2726 | D:5      | Found a runed translucent gate.
  2726 | D:5      | Found a runed translucent gate.
  2727 | D:5      | Noticed smashvw's ghost (novice MDFi)
  3292 | D:2      | Found Japtoz's Jewellery Shop.
  3353 | D:2      | Found Facacheo's Book Shop.
  3760 | D:2      | Found Ogamn's General Store.
  4058 | D:6      | Found a sparkling altar of Nemelex Xobeh.
  4149 | D:6      | Found a radiant altar of Vehumet.
  4328 | D:6      | Reached XP level 8. HP: 50/60 MP: 8/8
  4715 | D:6      | You fall into a shaft and drop 1 floor!
  4925 | D:7      | HP: 3/61 [steam dragon (11)]
  4925 | D:7      | Slain by a steam dragon

Illustrated notes

Levels and vault maps discovered:
D:1:      sevenhm_arrival_forest_fort_small_5, layout_loops_ring
D:2:      layout_basic, serial_shops, shop, shop, shop
D:3:      layout_loops_cross, mainiacjoe_overflow_alcove_4,
          basic_ecumenical_altar, grunt_decor_junction, uniq_robin
D:4:      minmay_wonky_spiral, layout_basic, kennysheep_mini, serial_shops, shop
D:5:      layout_cave_pools, gammafunk_ghost_necromancy
D:6:      layout_cave_pods, nemelex_xobeh_ov_fountains_minmay,
          vehumet_altar_wand_db, minmay_temple_entry_junction
D:7:      minmay_the_grid_plus_closed [minmay_the_grid_tree,
          minmay_the_grid_spin_star, minmay_the_grid_dragon_b,
          minmay_the_grid_minigrid_small, minmay_the_grid_prize_diamond_cup],
          layout_basic, lemuel_tele_altar, grunt_dithmenos_shadows,
          mainiacjoe_overflow_six_doors_small, minitemple

Skill      XL: |  1  2  3  4  5  6  7  8 |
---------------+-------------------------+-----
Fighting       | 4 5 6 7 |  7.9
Dodging        | 4 5 6 7 |  7.2
Long Blades    | 4 |  4.0

Action                     |  1- 3 |  4- 6 |  7- 9 || total
---------------------------+-------+-------+-------++-------
  Melee: Falchion          |    37 |       |       ||    37
         Constrict         |    17 |    32 |    38 ||    87
         Tentacles         |    12 |    26 |    33 ||    71
         War axe           |     3 |    45 |       ||    48
         Short sword       |       |    37 |    73 ||   110
         Scimitar          |       |       |    33 ||    33
    Use: Potion            |       |     1 |     1 ||     2
   Stab: Sleeping          |     1 |     1 |       ||     2
         Distracted        |       |       |     1 ||     1
 Armour: Skin              |    20 |    36 |    65 ||   121
  Dodge: Dodged            |    27 |    40 |    88 ||   155

Table legend: (Time is in decaauts)
 A = Elapsed time spent in this place.
 B = Non-inter-level travel time spent in this place.
 C = Inter-level travel time spent in this place.
 D = Time resting spent in this place.
 E = Time spent auto-exploring this place.
 F = Levels seen in this place.
 G = Mean time per level.
                   A        B        C        D        E       F      G
               +--------+--------+--------+--------+--------+-----+--------+
         Total |   4950 |   4599 |    351 |      0 |   3935 |   7 |  707.1 |
       Dungeon |   4950 |   4599 |    351 |      0 |   3935 |   7 |  707.1 |
               +--------+--------+--------+--------+--------+-----+--------+

Top non-repeatable levels by time:
     D:4: 1012 daAuts
     D:3: 1008 daAuts
     D:2: 874 daAuts
     D:5: 866 daAuts
     D:6: 656 daAuts
     D:1: 320 daAuts
     D:7: 212 daAuts
